 Dungeon Crawl Stone Soup version 0.30.0-29-ga12c61a403 (webtiles) character file.

Game seed: 9793379952184703662

4 7w4c the Conjurer (level 1, 0/13 HPs)
             Began as a Human Conjurer on June 22, 2023.
             Slain by a ball python (3 damage)
             ... on level 1 of the Dungeon.
             The game lasted 00:03:25 (65 turns).

7w4c the Conjurer (Human Conjurer)                    Turns: 65, Time: 00:03:26

Health: 0/13       AC:  2    Str:  7    XL:     1   Next: 77%
Magic:  0/3        EV: 12    Int: 18    God:
Gold:   14         SH:  0    Dex: 11    Spells: 3/4 levels left

rFire   . . .        (no weapon)
rCold   . . .        (no shield)
rNeg    . . .        a - +0 robe
rPois   .            (no helmet)
rElec   .            (no cloak)
rCorr   .            (no gloves)
SInv    .            (no boots)
Will    .....        (no amulet)
Stlth   ++           (no ring)
HPRegen 0.22/turn    (no ring)
MPRegen 0.08/turn

%: no passive effects
@: no status effects
A: no striking features
a: no special abilities


You were on level 1 of the Dungeon.
You visited 1 branch of the dungeon, and saw 1 of its levels.

You collected 14 gold pieces.

Inventory:

Armour
 a - a +0 robe (worn)


   Skills:
 + Level 2.1 Dodging
 + Level 2.0 Stealth
 + Level 2.0 Spellcasting
 + Level 4.1 Conjurations


You had 3 spell levels left.
You knew the following spells:

 Your Spells              Type           Power      Damage    Failure   Level
a - Magic Dart            Conj           64%        1d6       3%          1

Your spell library contained the following spells:

 Spells                   Type           Power      Damage    Failure   Level
 Searing Ray              Conj           32%        2d5       4%          2
 Dazzling Flash           Conj/Hex       18%        N/A       22%         3
 Fulminant Prism          Conj/Hex       4%         3d5       58%         4
 Iskenderun's Mystic Bla  Conj/Tloc      9%         2d4       58%         4


Dungeon Overview and Level Annotations

Branches:
Dungeon (1/15)

Altars:


Message History

The magic dart hits the ball python.
The ball python is heavily wounded.
You flicker back into view.
The ball python hisses angrily.
The ball python hisses angrily.
You see here 14 gold pieces.
You now have 14 gold pieces.
The ball python misses you. The ball python barely misses you.
The ball python attacks as you move away!
The ball python misses you. The ball python barely misses you.
The ball python barely misses you. x2; The ball python bites you.
The ball python completely misses you.
The ball python attacks as you move away!
The ball python bites you. The ball python barely misses you.
Casting: Magic Dart (safe; 3% risk of failure)
Confirm with . or Enter, or press ? or * to list all spells.
Aiming: Magic Dart (safe; 3% risk of failure)
Press: ? - help, Shift-Dir - straight line, f - ball python
Aim: a ball python (100% to hit)
The magic dart hits the ball python.
The ball python is heavily wounded.
The ball python bites you. The ball python grabs you.
The ball python constricts you. The ball python completely misses you.
You're too inexperienced to learn that spell!
You escape the ball python's grasp.
The ball python misses you. x2
The ball python attacks as you move away!
The ball python misses you. The hobgoblin barely misses you.
The ball python bites you.
* * * LOW HITPOINT WARNING * * *
The ball python barely misses you. The hobgoblin attacks as you move away!
The hobgoblin completely misses you.
The ball python attacks as you move away!
The ball python bites you but does no damage.
The ball python attacks as you move away!
The ball python misses you.
The ball python attacks as you move away!
The ball python bites you.
* * * LOW HITPOINT WARNING * * *
The ball python misses you. The ball python bites you.
You die...

#.....##~.≈≈≈≈≈≈≈≈ #
####.....##.~~≈≈≈~≈~≈ ##.##
#........)...~.≈~~.~.
.$...##..........~.~~.....~
.....'............>.......###
.....##.....................#
### .....
#.............#######.##...
.....
#..........................
.....
#........g@..##.##.....##.#
.....
#.......lS.###.#.##.#.##
..... #........S.#)..
...###†..# .....
#..........###.#.##. ##.# #
#............##.## .. .# #
########....... . . #
#.#...## # ..##### # .###


You could see a hobgoblin, 2 ball pythons and a frilled lizard.

Vanquished Creatures
  A bat (D:1)
  2 hobgoblins (D:1)
  A kobold (D:1)
4 creatures vanquished.

Notes
Turn   | Place    | Note
-------+----------+-------------------------------------------
     0 | D:1      | 7w4c the Human Conjurer began the quest for the Orb.
     0 | D:1      | Reached XP level 1. HP: 13/13 MP: 3/3
    21 | D:1      | Found a faded altar of an unknown god.
    65 | D:1      | Slain by a ball python

Illustrated notes

Levels and vault maps discovered:
D:1:      ebering_trefoil_twist, layout_basic, chequers_ecumenical_altar_island,
          minmay_tree_intersection, minmay_ruptured

Action                     || total
---------------------------++-------
  Melee: Unarmed           ||     6
   Cast: Magic Dart        ||     9
    Use: Potion            ||     2
         Scroll            ||     1
 Armour: Robe              ||     5
  Dodge: Dodged            ||    37
